 Dungeon Crawl Stone Soup version 0.27-b1-41-gafb5482f4b (webtiles) character file.

Game seed: 15875172173440898205

130 DildoBatman the Conjurer (level 5, 0/37 HPs)
             Began as a Formicid Conjurer on July 28, 2021.
             Slain by a black bear (6 damage)
             ... created by the rage of Trog
             ... on level 5 of the Dungeon.
             The game lasted 00:10:59 (2671 turns).

DildoBatman the Conjurer (Formicid Conjurer)        Turns: 2671, Time: 00:11:00

Health: 0/37       AC:  2    Str: 12    XL:     5   Next: 36%
Magic:  6/8        EV: 16    Int: 17    God:
Gold:   116        SH:  0    Dex: 10    Spells: 6/9 levels left

rFire    . . .     SeeInvis +   a - +0 hunting sling
rCold    . . .     Faith    .   (no shield)
rNeg     . . .     Spirit   .   k - +0 robe
rPois    .         Reflect  .   (helmet unavailable)
rElec    .         Harm     .   (no cloak)
rCorr    .         Rampage  .   (no gloves)
Will     .....                  (no boots)
Stlth    ++........             m - amulet of magic regeneration
HPRegen  0.12/turn              f - +4 ring of evasion
MPRegen  0.11/turn              (no ring)

@: no status effects
A: permanent stasis, dig shafts and tunnels, antennae 3, four strong arms
a: Dig, Shaft Self


You were on level 5 of the Dungeon.
You visited 1 branch of the dungeon, and saw 5 of its levels.

You collected 116 gold pieces.

Inventory:

Hand Weapons
 a - a +0 hunting sling (weapon)
 b - a +0 short sword
Missiles
 e - 67 stones (quivered ammo)
 g - 36 arrows
 q - 24 bolts
Armour
 k - a +0 robe (worn)
Magical Staves
 r - a staff of air
Jewellery
 f - a +4 ring of evasion (left hand)
 m - an amulet of magic regeneration (around neck)
 n - an amulet of faith
Scrolls
 h - a scroll of enchant weapon {unknown}
 j - a scroll of amnesia {unknown}
 l - 2 scrolls of teleportation {unknown}
 o - a scroll of identify {unknown}
 p - a scroll of noise {unknown}
 C - 2 scrolls of magic mapping
Potions
 c - a potion of berserk rage {unknown}
 d - a potion of curing {unknown}
 i - a potion of brilliance {unknown}


   Skills:
 * Level 1.1 Fighting
 * Level 1.0 Armour
 * Level 2.1 Dodging
 * Level 2.9 Stealth
 * Level 2.5 Spellcasting
 - Level 5.0 Conjurations


You had 6 spell levels left.
You knew the following spells:

 Your Spells              Type           Power      Damage    Failure   Level
a - Searing Ray           Conj           38%        3d4       3%          2
c - Magic Dart            Conj           76%        1d6       2%          1

Your spell library contained the following spells:

 Spells                   Type           Power      Damage    Failure   Level
 Dazzling Flash           Conj/Hex       20%        N/A       21%         3
 Fulminant Prism          Conj/Hex       5%         3d7       54%         4
 Iskenderun's Mystic Bla  Conj/Tloc      10%        2d4       54%         4


Dungeon Overview and Level Annotations

Branches:
Dungeon (5/15)
 Temple: D:4-7

Altars:
Cheibriados
Trog
Wu Jian

Shops:
D:4 ?

Annotations:
D:4 Grinder


Innate Abilities, Weirdness & Mutations

You cannot be hasted, slowed, berserked, paralysed or teleported.
You can dig through walls and to a lower floor.
You have a pair of large antennae on your head. (SInv)
Your four strong arms can wield two-handed weapons with a shield.


Message History

Casting: Searing Ray (safe; 3% risk of failure)
Confirm with . or Enter, or press ? or * to list all spells.
Aiming: Searing Ray (safe; 3% risk of failure)
Press: ? - help, Shift-Dir - straight line, f/p - iguana
Aim: an iguana (almost dead, 81% to hit)
The searing ray hits the iguana!
You kill the iguana! (Press . to maintain the ray.)
Your Fighting skill increases to level 1!
Your Armour skill increases to level 1!
You start removing your amulet.
You continue taking off your amulet of faith. x4
You finish taking off your amulet of faith.
You start putting on your amulet.
You continue putting on your amulet of magic regeneration. x5
You finish putting on your amulet of magic regeneration.
The amulet cannot attune itself to your exhausted body.
m - an amulet of magic regeneration (around neck)
There is a stone staircase leading up here.
You climb upwards.
Level annotation: Grinder
There is a stone staircase leading down here.
You start resting.
Trog sends monsters to punish you. 2 polar bears and 3 black bears come into view.
You climb downwards.
There is a stone staircase leading up here.
The black bear rages.
The polar bear misses you. The polar bear barely misses you.
The polar bear misses you. The polar bear bites you.
The polar bear barely misses you. The polar bear claws you.
The polar bear bites you. The polar bear claws you.
The polar bear claws you but does no damage.
The black bear bites you. The black bear claws you.
You die...

*,*,**#.....#,*,***,**,**,*
*,*,,,......+,,,,,,,,,,,,,*
##.#####.....#,*,***,*******
.....†.......#,*,,,*,*,,,*
#..####.<...$#,***,*,,,*,*
,...,,#.######,,,,,,,,,*,*
*.....#.#######***,#,,,,,*
#.............####.#.#,***
#..####.#####.hh@....#,*
**,***#.# ######.###,*
,,,*,,..#****,,,,,,# *,*
**,,,....,,,*,****** *,*
***,#####**,*>* *,*
,,,,,,,,,,,,*,* *,*
***,*,***,*,*,* *,*
,,,,*,,,,,*,,,* *,*
**,,*,,_,,*,*** *,*


You could see a polar bear (berserk) and a black bear (berserk).

Vanquished Creatures
  2 iguanas
  2 adders
  2 worms (D:2)
  2 dart slugs
  An orc (D:3)
  5 endoplasms
  A giant cockroach (D:1)
  2 goblins
  4 hobgoblins
  4 quokkas
  2 ball pythons
  9 bats
  5 frilled lizards
  6 kobolds
  6 rats
53 creatures vanquished.

Vanquished Creatures (others)
  6 fungi (D:3)
  3 plants (D:3)
9 creatures vanquished.

Grand Total: 62 creatures vanquished

Notes
Turn   | Place    | Note
-------+----------+-------------------------------------------
     0 | D:1      | DildoBatman the Formicid Conjurer began the quest for the
                  | Orb.
     0 | D:1      | Reached XP level 1. HP: 13/13 MP: 3/3
   240 | D:1      | Reached XP level 2. HP: 19/19 MP: 3/5
   243 | D:1      | Learned a level 2 spell: Searing Ray
   276 | D:1      | Reached skill level 4 in Conjurations
   627 | D:1      | Reached XP level 3. HP: 24/24 MP: 2/6
   940 | D:2      | Found a snail-covered altar of Cheibriados.
  1732 | D:3      | Reached XP level 4. HP: 30/30 MP: 2/7
  1859 | D:3      | Reached skill level 5 in Conjurations
  1999 | D:3      | Found a faded altar of an unknown god.
  2025 | D:3      | Became a worshipper of Trog the Wrathful
  2025 | D:3      | Reached * piety under Trog
  2026 | D:3      | Fell from the grace of Trog
  2197 | D:3      | Found an ornate altar of the Wu Jian Council.
  2433 | D:4      | Noticed Grinder
  2457 | D:4      | Reached XP level 5. HP: 28/36 MP: 4/8
  2523 | D:4      | Found Polutiq's Magic Scroll Shoppe.
  2617 | D:5      | Entered Level 5 of the Dungeon
  2630 | D:5      | Reached skill level 1 in Fighting
  2630 | D:5      | Reached skill level 1 in Armour
  2659 | D:4      | Noticed a black bear
  2659 | D:4      | Noticed a polar bear
  2659 | D:4      | Noticed a black bear
  2659 | D:4      | Noticed a polar bear
  2659 | D:4      | Noticed a black bear
  2671 | D:5      | Slain by a black bear

Illustrated notes

Levels and vault maps discovered:
D:1:      dpeg_arrival_arbitrary_a, layout_basic
D:2:      layout_basic, basic_altar
D:3:      layout_loops_ring, nicolae_wu_jian_immortal_techniques,
          dreamdust_ecumenical_altar_grove
D:4:      layout_loops_ring, serial_shops, nicolae_lakefront_shop,
          grunt_ministairs_2, minmay_puff, uniq_grinder
D:5:      layout_basic, mainiacjoe_overflow_cross_hatched, serial_shops, shop

Skill      XL: |  1  2  3  4  5 |
---------------+----------------+-----
Conjurations   | 4 5 |  5.0
Dodging        | 2 |  2.1
Fighting       | 1 |  1.1
Armour         | 1 |  1.0
Stealth        | |  2.9
Spellcasting   | |  2.5

Action                   |  1- 3 |  4- 6 || total
-------------------------+-------+-------++-------
Melee: Unarmed           |     4 |       ||     4
       Dagger            |     4 |       ||     4
       Short sword       |     7 |     2 ||     9
 Cast: Magic Dart        |    34 |    11 ||    45
       Searing Ray       |    12 |    11 ||    23
Invok: Renounce Religion |       |     1 ||     1
 Abil: Dig               |     2 |     4 ||     6
  Use: Scroll            |       |     2 ||     2
 Stab: Sleeping          |     1 |       ||     1
Armor: Robe              |    12 |     1 ||    13
Dodge: Dodged            |    23 |    12 ||    35
